 Dungeon Crawl Stone Soup version 0.15.0-16-gce31824 (webtiles) character file.

135 Kex the Insei (level 4, 0/36 HPs)
             Began as a Draconian Transmuter on Sept 6, 2014.
             Slain by an adder (3 damage)
             ... on Level 2 of the Dungeon.
             The game lasted 00:11:51 (2194 turns).

Kex the Insei (Draconian Transmuter)                Turns: 2194, Time: 00:11:52

HP   0/36        AC  5     Str 12      XL: 4   Next: 96%
MP   7/8         EV 12     Int 13      God:
Gold 120         SH  0     Dex 13      Spells:  1 memorised,  7 levels left

rFire  . . .     SeeInvis .       - Unarmed
rCold  . . .     Clarity  .     (armour unavailable)
rNeg   + . .     rCorr    .     (no shield)
rPois  .         rRot     .     (helmet restricted)
rElec  .         Spirit   .     (no cloak)
SustAb .         Warding  .     (no gloves)
rMut   .         Stasis   .     (no boots)
Gourm  .                        (no amulet)
MR     .....                    f - ring of wizardry
                                e - ring of positive energy

@: lethally poisoned, appendage, not resistant to hostile enchantments, very
unstealthy
A: unfitting armour, horns 2, cold-blooded, AC +5
a: End Transformation


You were on level 2 of the Dungeon.
You were not hungry.
You had grown temporary horns.
You visited 1 branch of the dungeon, and saw 3 of its levels.

You collected 120 gold pieces.

Inventory:

Missiles
 b - 51 arrows
Comestibles
 a - a bread ration
 h - 9 fruits
 p - a slice of pizza
 q - a meat ration
Scrolls
 k - a scroll of random uselessness {unknown}
 n - a scroll of recharging {unknown}
 o - a scroll of blinking {unknown}
 s - a scroll of fear {unknown}
 t - a scroll of noise {unknown}
Jewellery
 e - a ring of positive energy (left hand)
 f - a ring of wizardry (right hand)
 j - an uncursed ring of sustain abilities
Potions
 c - 2 potions of curing {unknown}
 g - a potion of cancellation {unknown}
 i - a potion of agility {unknown}
 l - a potion of heal wounds {unknown}
 m - 2 potions of haste {unknown}
 r - a potion of restore abilities {unknown}
Books
 d - a book of Changes

   Spells                             Type                      Level
   *Beastly Appendage                 Transmutation                1
   Sticks to Snakes                   Transmutation                2
   Spider Form                        Transmutation/Poison         3
   Ice Form                           Ice/Transmutation            4
   Blade Hands                        Transmutation                5


   Skills:
 + Level 2.2 Fighting
 + Level 2.3 Dodging
 + Level 0.4 Stealth
 + Level 3.9 Unarmed Combat
 + Level 2.9 Spellcasting
 + Level 2.6 Transmutations


You had 7 spell levels left.
You knew the following spells:

 Your Spells              Type           Power        Failure   Level  Hunger
a - Beastly Appendage     Trmt           #.....       4%          1    #......


Dungeon Overview and Level Annotations

Branches:
Dungeon (3/15)

Altars:
Ashenzari


Innate Abilities, Weirdness & Mutations

Your plain brown scales are hard (AC +5).
Your body does not fit into most forms of armour.
Your cold-blooded metabolism reacts poorly to cold.
You have a pair of horns on your head.


Message History

The adder is lightly wounded.
You feel sick. The adder bites you.
* * * LOW HITPOINT WARNING * * *
You closely miss the adder. You tail-slap the adder.
The adder is moderately wounded.
The adder closely misses you.
You miss the adder. Your headbutt misses the adder. You tail-slap the adder.
The adder is moderately wounded.
You feel sick. The adder bites you.
* * * LOW HITPOINT WARNING * * *
You are lethally poisoned!
The adder poisons you! The adder bites you.
* * * LOW HITPOINT WARNING * * *
You are more poisoned.
The adder poisons you!
You completely miss the adder. You headbutt the adder.
Your tail-slap misses the adder.
The adder is heavily wounded.
The adder bites you.
You die...

#########
#########.......#####
#......##.##........#
#.####.##....##<###.#
#.##.......####.# #.#
#.##.#.##.#####.###.###
#.##.#@##.......#......
#.....S##########.#[##.
####.### ###.#.##.
#####.#
########........
#.....#
#.....##.#..#...
#.#####
#.....##.#...... #.#
#.....##.#...... #.#
#.....##.###...# #.#
#.....##.####..#


You could see an adder.

Vanquished Creatures
  5 adders
  5 worms
  3 giant geckos
  An ooze (D:2)
  3 orcs (D:3)
  A ball python (D:2)
  10 goblins
  5 hobgoblins
  A quokka (D:3)
  5 bats
  6 giant newts
  6 kobolds
  11 rats
62 creatures vanquished.

Notes
Turn   | Place    | Note
--------------------------------------------------------------
     0 | D:1      | Kex, the Draconian Transmuter, began the quest for the Orb.
     0 | D:1      | Reached XP level 1. HP: 16/16 MP: 3/3
   165 | D:1      | Reached XP level 2. HP: 17/23 MP: 4/4
   312 | D:1      | Found a shattered altar of Ashenzari.
   517 | D:2      | Reached XP level 3. HP: 25/28 MP: 4/6
  1106 | D:2      | Reached XP level 4. HP: 36/36 MP: 8/8
  2194 | D:2      | Slain by an adder

Action                   |  1- 3 |  4- 6 || total
-------------------------+-------+-------++-------
Melee: Unarmed           |   136 |   101 ||   237
 Cast: Beastly Appendage |    26 |    19 ||    45
  Use: Scroll            |       |     2 ||     2
 Stab: Sleeping          |       |     1 ||     1
  Eat: Chunk             |     1 |     2 ||     3
       Bread ration      |       |     1 ||     1
